 Dungeon Crawl Stone Soup version 0.29.1-13-g9f3cf754e1 (webtiles) character file.

Game seed: 5601084588756552696

2048854 FexLirch the Sorcerer (level 27, 193/199 HPs)
             Began as a Djinni Conjurer on Jan 24, 2023.
             Was a High Priest of Ashenzari.
             Escaped with the Orb
             ... and 3 runes on Jan 25, 2023!
             The game lasted 04:59:49 (48504 turns).

FexLirch the Sorcerer (Djinni Conjurer)            Turns: 48504, Time: 04:59:50

Health: 193/199    AC: 22    Str:  7    XL:     27
Gold:   7050       EV: 18    Int: 43    God:    Ashenzari [*****.] SH: 30 Dex: 19

rFire   + + +      SeeInvis +   E - +10 falchion "Torovaot" {freeze, rPois rC++ rN+++ Int-3}
rCold   + + +      Faith    .   R - +5 tower shield "At What Cost Knowledge?" {rC+, Cun, Self} (curse)
rNeg    + + +      Spirit   .   A - +2 scale mail of Lifelessness {rF- Will++ Regen+}
rPois   ∞          Reflect  .   T - +2 helmet of the Eternal Shame {rF+ Will- Regen+ Int+10, Self, Fort} (curse)
rElec   +          Harm     .   W - scarf of Supernal Gnosis {rC+ rF+, Fort, Cun} (curse)
rCorr   .          Rampage  .   N - +2 pair of gloves "Ruined Augurer" {Fly rElec rC++ Int-4, Cun, Self} (curse)
Will    +++..      Clarity  +   (boots unavailable)
Stlth   +++.......              H - amulet of the Shattered Oracle {Regen+, Self, Melee} (curse)
HPRegen 2.83/turn               X - ring "Pangnostic Desperation" {Int+6, Self, Fort} (curse)
MPRegen 0.00/turn               B - ring of the Ensconced Sorrow {Int+6, Fort, Cun} (curse)

@: flying, studying Short Blades
A: sickness immunity, fire resistance 2, cold vulnerability 1, float, innate
caster, HP casting, extra vitality 1, agile 1, frail 1, sense surroundings 1, no
potion heal 1, noise suppression
0: Orb of Zot
}: 3/15 runes: decaying, silver, gossamer
a: Renounce Religion, Curse Item, Shatter the Chains


You escaped.
You worshipped Ashenzari.
Ashenzari was extremely pleased with you.
You visited 11 branches of the dungeon, and saw 50 of its levels.
You also visited: Trove, Bailey, Gauntlet, Ice Cave and Wizlab.

You collected 9102 gold pieces.
You spent 2052 gold pieces at shops.

Inventory:

Hand Weapons
 p - the +7 flail "Xasaram" {vamp, Will++ Int-3 Dex+3}
   (You found it on level 2 of the Dungeon)

   It occasionally heals its wielder for a portion of the damage dealt when it
   wounds a living foe.
   Int:       It affects your intelligence (-3).
   Dex:       It affects your dexterity (+3).
   Will:      It greatly increases your willpower.
 E - the +10 falchion "Torovaot" (weapon) {freeze, rPois rC++ rN+++ Int-3}
   (You found it on level 1 of the Swamp)

   It freezes those it strikes, dealing additional cold damage.
   It can also slow down cold-blooded creatures.
   Int:       It affects your intelligence (-3).
   rC:        It greatly protects you from cold.
   rPois:     It protects you from poison.
   rN:        It renders you almost immune to negative energy.
 L - the +2 dagger "Jellybane" {venom, rCorr Str+3 Int+3}
   (You found it on level 1 of the Elven Halls)

   It poisons the flesh of those it strikes.
   Str:       It affects your strength (+3).
   Int:       It affects your intelligence (+3).
   rCorr:     It protects you from acid and corrosion.
 O - the +18 lance "Wyrmbane" {slay drac, rPois rF+ rC+ AC+3}
   (You acquired it on level 4 of the Lair of Beasts)

   It inflicts extra damage against dragons and draconians.
   AC:        It affects your AC (+3).
   rF:        It protects you from fire.
   rC:        It protects you from cold.
   rPois:     It protects you from poison.
Armour
 A - the +2 scale mail of Lifelessness (worn) {rF- Will++ Regen+}
   (You bought it in a shop on level 2 of the Orcish Mines)

   rF:        It makes you vulnerable to fire.
   Regen:     It increases your rate of health regeneration.
   Will:      It greatly increases your willpower.
 I - +0 gold dragon scales
 N - the cursed +2 pair of gloves "Ruined Augurer" (worn) {Fly rElec rC++ Int-4, Cun, Self}
   (You found it in a Gauntlet)

   Int:       It affects your intelligence (-4).
   rC:        It greatly protects you from cold.
   rElec:     It insulates you from electricity.
   Fly:       It grants you flight.
   It has a curse which improves the following skills: Cunning: Dodging and
   Stealth.
   Introspection: Fighting and Spellcasting.
 R - the cursed +5 tower shield "At What Cost Knowledge?" (worn) {rC+, Cun, Self}
   (You found it in an ice cave)

   It has a curse which improves the following skills: Cunning: Dodging and
   Stealth.
   Introspection: Fighting and Spellcasting.
 T - the cursed +2 helmet of the Eternal Shame (worn) {rF+ Will- Regen+ Int+10, Self, Fort}
   (You found it on level 4 of the Lair of Beasts)

   Int:       It affects your intelligence (+10).
   rF:        It protects you from fire.
   Regen:     It increases your rate of health regeneration.
   Will:      It decreases your willpower.
   It has a curse which improves the following skills: Introspection: Fighting
   and Spellcasting.
   Fortitude: Armour and Shields.
 W - the cursed scarf of Supernal Gnosis (worn) {rC+ rF+, Fort, Cun}
   (You found it on level 10 of the Dungeon)

   It has a curse which improves the following skills: Fortitude: Armour and
   Shields.
   Cunning:   Dodging and Stealth.
Magical Staves
 U - a staff of conjuration
Jewellery
 f - the macabre finger necklace {rN+}
   (You found it in a treasure trove)

   [amulet of nothing]

   It enables you to equip an extra ring.
   rN:        It protects you from negative energy.
 i - the ring of the Shrike {+Blink rCorr AC+4 Dex-3 Slay+6}
   (You took it off a deep elf elementalist on level 3 of the Elven Halls)

   [ring of protection]

   AC:        It affects your AC (+4).
   Dex:       It affects your dexterity (-3).
   Slay:      It affects your accuracy & damage with ranged weapons and melee
   (+6).
   +Blink:    It lets you blink.
   rCorr:     It protects you from acid and corrosion.
 x - a +6 ring of intelligence
 B - the cursed ring of the Ensconced Sorrow (right hand) {Int+6, Fort, Cun}
   (You found it on level 5 of the Dungeon)

   [ring of intelligence]

   Int:       It affects your intelligence (+6).
   It has a curse which improves the following skills: Fortitude: Armour and
   Shields.
   Cunning:   Dodging and Stealth.
 H - the cursed amulet of the Shattered Oracle (around neck) {Regen+, Self, Melee}
   (You found it on level 12 of the Dungeon)

   [amulet of regeneration]

   Regen:     It increases your rate of health regeneration.
   It has a curse which improves the following skills: Introspection: Fighting
   and Spellcasting.
   Melee Combat: Short Blades, Long Blades, Axes, Maces & Flails, Polearms,
   Staves and Unarmed Combat.
 X - the cursed ring "Pangnostic Desperation" (left hand) {Int+6, Self, Fort}
   (You found it on level 10 of the Dungeon)

   [ring of intelligence]

   Int:       It affects your intelligence (+6).
   It has a curse which improves the following skills: Introspection: Fighting
   and Spellcasting.
   Fortitude: Armour and Shields.
 Y - the amulet of Mets {Reflect rPois Will+ SH+5}
   (You acquired it on level 14 of the Dungeon)

   [amulet of reflection]

   It reflects blocked missile attacks.
   rPois:     It protects you from poison.
   SH:        It affects your SH (+5).
   Will:      It increases your willpower.
 Z - the necklace of Bloodlust {*Rage Will++ Int-3 Slay+6}
   (You took it off an ancient champion on level 1 of the Crypt)

   [amulet of nothing]

   It extends the wearer's berserk rage when killing foes.
   Int:       It affects your intelligence (-3).
   Slay:      It affects your accuracy & damage with ranged weapons and melee
   (+6).
   *Rage:     It berserks you when you make melee attacks (+50% chance).
   Will:      It greatly increases your willpower.
Wands
 g - a wand of digging (10)
 r - a wand of quicksilver (3)
 u - a wand of polymorph (17)
 v - a wand of roots (31)
 J - a wand of charming (50)
 V - a wand of mindburst (22)
Scrolls
 b - 9 scrolls of immolation
 c - 11 scrolls of blinking
 j - 4 scrolls of silence
 l - 21 scrolls of teleportation
 m - 7 scrolls of torment
 n - 5 scrolls of enchant armour
 o - 9 scrolls of fog
 y - 8 scrolls of vulnerability
 z - 9 scrolls of noise
 D - 13 scrolls of fear
 G - 6 scrolls of poison
 M - 7 scrolls of summoning
 P - 3 scrolls of magic mapping
Potions
 a - 15 potions of heal wounds
 d - 6 potions of brilliance
 e - 7 potions of cancellation
 h - 16 potions of curing
 k - 7 potions of haste
 q - 3 potions of resistance
 t - 9 potions of might
 w - 9 potions of invisibility
 C - 7 potions of lignification
 F - 9 potions of berserk rage
 Q - 15 potions of mutation
 S - 8 potions of attraction
Miscellaneous
 s - a phial of floods
 K - a phantom mirror


   Skills:
 + Level 19.5(25.6) Fighting
 + Level 5.4(7.7) Long Blades
 - Level 3.7(5.8) Maces & Flails
 + Level 13.8(16.0) Polearms
 + Level 17.7(23.0) Armour
 + Level 21.1(26.2) Dodging
 - Level 16.0(21.3) Stealth
 + Level 20.0(25.2) Shields
 - Level 21.1(27) Spellcasting
 - Level 13.6 Evocations


You couldn't memorise any spells.
You knew the following spells:

 Your Spells              Type           Power      Damage    Failure   Level
a - Magic Dart            Conj           100%       1d8       0%          1
b - Searing Ray           Conj           100%       2d8       0%          2
c - Dazzling Flash        Conj/Hex       100%       N/A       0%          3
d - Fulminant Prism       Conj/Hex       69%        3d28      0%          4
e - Iskenderun's Mystic   Conj/Tloc      100%       2d19      0%          4
f - Freeze                Ice            100%       1d11      0%          1
g - Wereblood             Tmut           100%       N/A       0%          2
h - Lesser Beckoning      Tloc           100%       N/A       0%          3
i - Leda's Liquefaction   Hex/Erth       69%        N/A       0%          4
j - Metabolic Englaciati  Hex/Ice        69%        N/A       0%          5
k - Borgnjor's Vile Clut  Necr/Erth      69%        N/A       0%          5
l - Starburst             Conj/Fire      69%        6d18      0%          6
m - Enfeeble              Hex            69%        N/A       0%          7
n - Monstrous Menagerie   Summ           69%        N/A       0%          7
o - Malign Gateway        Summ/Tloc      69%        N/A       0%          7
p - Haunt                 Necr/Summ      69%        N/A       0%          7
q - Lehudib's Crystal Sp  Conj/Erth      69%        10d16     1%          8
r - Chain Lightning       Conj/Air       69%        3d92      1%          9
Your spell library was empty.

Dungeon Overview and Level Annotations

Branches:
Dungeon (15/15)            Temple (1/1) D:4            Lair (5/5) D:9
  Swamp (4/4) Lair:3       Spider (4/4) Lair:2        Slime (0/5) Lair:5
    Orc (2/2) D:9             Elf (3/3) Orc:2        Vaults (5/5) D:13
  Crypt (2/3) Vaults:3     Depths (4/4) D:15            Zot (5/5) Depths:4
 Bailey (visited)           IceCv (visited)          WizLab (visited)
Gauntlet (visited)

Altars:
Ashenzari
Cheibriados
Dithmenos
Elyvilon
Fedhas
Gozag
Hepliaklqana
Makhleb
Nemelex Xobeh
Okawaru
Qazlal
Ru
Trog
Uskayaw
Wu Jian
Xom
Yredelemnul
Zin
The Shining One
Lugonu

Shops:
D:3 *   D:4 [   D:6 [*:   Orc:2 *(:[*   Elf:1 (   Vaults:3 =

Portals:
Hell: Depths:1 Depths:2 Depths:3 Depths:4
Abyss: Lair:5 Depths:3
Pandemonium: Depths:2
Ziggurat: Depths:3

Annotations:
Crypt:2 Khufu
Zot:5 2 exclusions


Innate Abilities, Weirdness & Mutations

You are immune to sickness and miasma.
You are immune to poison.
Your flesh is very heat resistant. (rF++)
You are vulnerable to cold. (rC-)
You float through the air rather than walking.
You learn spells naturally, not from books.
Your magical power is your life essence.
You have superior vitality. (+4 MHP)
You are agile. (Dex +4, Str/Int -1)
You are frail. (-10% HP)
You passively map a small area around you.
Potions are less effective at restoring your health.
You passively dampen the noise of your surroundings.


Message History

The dungeon shakes, a horrible noise fills the air, and a portal to some otherworldly place is opened!
The zombie hands constrict the Orb Guardian!
The Orb Guardian struggles to escape constriction.
A blizzard demon comes into view.
Casting: Malign Gateway (safe; 0% risk of failure)
Confirm with . or Enter, or press ? or * to list all spells.
You summon a manticore!
The zombie hands constrict the Orb Guardian!!
The Orb Guardian struggles to escape constriction.
The Orb Guardian escapes!
Casting: Monstrous Menagerie (safe; 0% risk of failure)
Confirm with . or Enter, or press ? or * to list all spells.
You summon a manticore!
Your manticore flicks its tail.
The volley of spikes hits the blizzard demon!
Casting: Monstrous Menagerie (safe; 0% risk of failure)
Confirm with . or Enter, or press ? or * to list all spells.
Aiming: Borgnjor's Vile Clutch (safe; 0% risk of failure)
Press: ? - help, Shift-Dir - straight line, f - blizzard demon, p - Orb Guardian
Aim: a blizzard demon (moderately wounded, skewered by barbs, ally target, 100% to hit)
Zombie hands grab the blizzard demon.
The zombie hands constrict the blizzard demon!
Your manticore bites the Orb Guardian.
Your manticore claws the Orb Guardian! x2
Your manticore flicks its tail.
The volley of spikes hits the blizzard demon!
The blizzard demon struggles to escape constriction.
Casting: Borgnjor's Vile Clutch (safe; 0% risk of failure)
Confirm with . or Enter, or press ? or * to list all spells.
Aiming: Lehudib's Crystal Spear (mildly dangerous; 1% risk of failure)
Press: ? - help, Shift-Dir - straight line, f/p - blizzard demon
Aim: a blizzard demon (heavily wounded, not watching you, constricted by zombie hands, skewered by barbs, ally target, 100% to hit)
The crystal spear hits the blizzard demon!!!!
You kill the blizzard demon!
The Orb Guardian closely misses your manticore.
The Orb Guardian hits your manticore!!
Your manticore bites the Orb Guardian but does no damage.
Your manticore misses the Orb Guardian.
Your manticore claws the Orb Guardian.
The Orb Guardian dies!
There is a staircase leading out of the dungeon here.
You have escaped!

#≈≈~~.###............####
#≈≈......................
#≈≈.~8..............#####
#≈~~..............######.
#≈~.~.............#### #.
#≈~..~...........#### #.
#≈~~~~...H.......### ##
#≈~~~.~..8.......##
#≈≈~.~~~@H8.....##
#≈≈~~.~~~.....8.#
#≈≈≈~~.~.~......##
≈≈≈≈~≈..~~......#
≈≈≈≈≈≈~~~~.w.~~.#
≈≈≈≈≈≈≈~~.~*~~.~#
≈≈≈≈≈≈≈≈~~~≈~~~≈#
≈≈≈≈≈≈≈≈≈≈≈≈≈≈≈≈# * * ~
############


You could see a friendly eldritch tentacle and 2 friendly manticores.

Vanquished Creatures
  A dread lich (Vaults:5)
  An ancient lich (Zot:5)
  Mennas (Depths:4)
  7 orbs of fire
  4 Killer Klowns (Zot:5)
  3 curse toes
  Nikola (Spider:1)
  4 golden dragons
  2 bone dragons
  2 electric golems
  Jorgrun (Swamp:1)
  A Hell Sentinel (D:12)
  15 tentacled monstrosities
  4 titans
  24 Orb Guardians
  3 deep elf blademasters
  9 quicksilver dragons
  3 liches
  12 death cobs
  3 ancient champions
  2 Executioners
  2 deep elf master archers (Elf:3)
  Kirke (D:13)
  8 sphinxes
  8 storm dragons
  Agnes (Spider:1)
  8 shadow dragons
  8 tengu reavers
  3 draconian monks
  A revenant (WizLab)
  3 iron dragons
  A nagaraja (Vaults:2)
  6 emperor scorpions
  4 deep elf sorcerers
  7 fire giants
  5 frost giants
  6 orc warlords
  A spectral caustic shrike (WizLab)
  A caustic shrike zombie (WizLab)
  3 draconian shifters
  4 draconian scorchers
  15 vault wardens
  11 ghost moths
  A draconian annihilator (Zot:5)
  2 broodmothers
  A draconian knight (Zot:3)
  7 deep elf elementalists (Elf:3)
  2 draconian stormcallers
  4 ghouls
  2 reapers
  24 ironbound preservers
  5 war gargoyles
  16 stone giants
  23 very ugly things
  5 vampire knights
  4 spriggan defenders
  6 deep elf demonologists
  13 green draconians
  10 black draconians
  10 ironbound thunderhulks
  8 deep elf annihilators
  Azrael (Spider:1)
  4 eleionomae
  3 entropy weavers
  A spark wasp (shapeshifter) (Vaults:5)
  3 dire elephants (Vaults:1)
  3 halazid warlocks (WizLab)
  3 bunyips
  A spectral titan (WizLab)
  A minotaur (Gauntlet)
  5 red draconians
  4 spark wasps (Depths:3)
  13 white draconians
  An eidolon (Vaults:3)
  9 yellow draconians
  6 purple draconians
  Snorg (D:13)
  14 ettins
  10 deep elf death magi
  A merfolk javelineer (Depths:4)
  2 jiangshi
  4 fire dragons
  4 deep elf high priests
  12 yaktaur captains
  Josephine (Orc:1)
  3 crystal guardians
  2 blizzard demons
  3 great orbs of eyes
  An ice dragon (shapeshifter) (Depths:3)
  31 vault guards
  3 peacekeepers
  4 spriggan air magi
  Harold (Lair:1)
  6 boulder beetles
  10 ice dragons
  An ogre mage (Vaults:5)
  10 hydras
  3 radroaches
  3 ghost crabs (Swamp:4)
  A rakshasa (Depths:3)
  2 jorogumos (Spider:3)
  A hell beast (D:15)
  9 ironbound frosthearts
  10 two-headed ogres
  2 catoblepae (Lair:5)
  Erica (Lair:1)
  12 centaur warriors
  18 dancing weapons
  6 deep troll shamans
  7 tengu warriors
  5 alligators
  19 death yaks
  11 deep troll earth magi
  4 vampire magi
  An orc high priest (Orc:2)
  A soul eater (Depths:1)
  4 thrashing horrors (Lair:5)
  6 hell hogs (Depths:1)
  2 spriggan berserkers
  14 hell knights
  A sun demon (Depths:1)
  Sonja (D:13)
  18 deep elf knights
  Lodul (D:13)
  5 iron trolls
  17 skeletal warriors
  Amaemon (D:10)
  6 goliath frogs
  3 shadow wraiths
  A death drake (Swamp:4)
  A sun moth (Spider:3)
  A sixfirhy (Depths:2)
  A spectral spark wasp (WizLab)
  7 pharaoh ants
  10 orb spiders
  6 swamp dragons
  5 spriggan druids
  79 deep trolls
  A swamp dragon (shapeshifter) (Depths:2)
  15 wizards
  5 flayed ghosts
  21 deep elf archers
  7 steelbarb worms
  A spectral wolf spider (WizLab)
  6 glowing orange brains
  An orange crystal statue (Depths:1)
  34 deep elf pyromancers
  A spectral hydra (Swamp:4)
  6 lindwurms
  2 lindwurms (shapeshifter)
  A shadow demon (D:4)
  A bunyip skeleton (Crypt:1)
  9 bog bodies
  14 orc knights
  11 ironbound convokers
  14 phantasmal warriors
  12 necromancers
  15 wolf spiders
  25 deep elf zephyrmancers
  A wolf spider (shapeshifter) (Vaults:5)
  4 orc sorcerers
  55 ugly things
  5 cyclopes
  A frost giant zombie (Crypt:1)
  2 manticores
  5 black mambas
  2 will-o-the-wisps
  A salamander (shapeshifter) (Vaults:5)
  Joseph (D:7)
  29 moths of wrath
  14 vault sentinels
  An elephant (shapeshifter) (Depths:3)
  A black mamba (shapeshifter) (Lair:5)
  A shock serpent zombie (Crypt:2)
  3 elephants (Lair:5)
  Maurice (Orc:1)
  9 smoke demons
  2 naga magi (Depths:1)
  A rust devil (Depths:2)
  2 eyes of devastation (Vaults:2)
  5 torpor snails
  An apocalypse crab (Gauntlet)
  Maggie (D:7)
  A storm dragon simulacrum (Vaults:4)
  A torpor snail (shapeshifter) (Vaults:5)
  9 cane toads
  A gargoyle (D:12)
  A yaktaur zombie (Vaults:2)
  An ice statue (IceCv)
  An orange demon (D:10)
  15 rime drakes
  8 demonic crawlers
  2 kobold demonologists
  9 komodo dragons
  An anaconda simulacrum (Crypt:1)
  An elf skeleton (Vaults:4)
  2 swamp worm zombies
  35 yaktaurs
  A green draconian zombie (Crypt:1)
  8 tengu conjurers
  4 freezing wraiths
  An ice devil (Depths:2)
  4 hydra zombies (Swamp:4)
  2 ancient zymes (Lair:5)
  3 guardian mummies (Crypt:1)
  2 red devils
  A harpy zombie (WizLab)
  An alligator snapping turtle skeleton (Crypt:1)
  6 tyrant leeches
  4 hellwings
  3 bloated husks
  10 polar bears
  8 trolls
  11 hornets
  A harpy skeleton (Crypt:2)
  20 tarantellas
  3 spectral swamp dragons (Swamp:4)
  30 blink frogs
  A spriggan zombie (WizLab)
  A tengu simulacrum (Vaults:2)
  A snapping turtle (shapeshifter) (Vaults:2)
  A tarantella zombie (Crypt:1)
  2 ettin zombies
  26 slime creatures
  5 dream sheep (Lair:3)
  A fire giant simulacrum (Vaults:4)
  6 alligator zombies (Swamp:4)
  23 jumping spiders
  A frost giant simulacrum (Vaults:4)
  5 air elementals
  A vampire (D:14)
  17 spriggans
  Sigmund (D:3)
  An ettin skeleton (Vaults:4)
  6 water elementals
  12 wyverns
  13 flying skulls
  5 wraiths
  17 culicivoras
  8 shadows
  2 ynoxinuls
  3 fire elementals
  A yak (shapeshifter) (Vaults:2)
  A slime creature zombie (Crypt:2)
  A human (shapeshifter) (Lair:5)
  10 basilisks
  4 hogs (D:13)
  20 humans (D:13)
  68 yaks
  A satyr skeleton (Crypt:2)
  A chaos spawn (Lair:5)
  Menkaure (D:7)
  A glowing shapeshifter zombie (Vaults:2)
  2 large abominations (Lair:5)
  2 steam dragons
  5 wargs (Orc:2)
  6 vampire mosquitoes
  32 redbacks
  A redback (shapeshifter) (Vaults:5)
  9 water moccasins
  2 harpy simulacra
  23 swamp worms
  2 acid dragons
  5 hell hounds
  2 ice beasts (D:7)
  A black bear (D:6)
  37 orc warriors
  A manticore zombie (Crypt:1)
  3 human zombies
  A black bear (shapeshifter) (Vaults:5)
  5 sky beasts
  16 ogres
  A deep troll simulacrum (Vaults:4)
  6 centaurs
  2 swamp dragon zombies (Swamp:4)
  20 wolves
  A boggart (Vaults:2)
  14 small abominations (Lair:5)
  4 human skeletons
  7 phantoms
  An elf simulacrum (Vaults:3)
  Blork the orc (D:6)
  18 bullfrogs
  3 glowing shapeshifter simulacra
  2 earth elementals
  5 necrophages
  3 scorpions
  5 wights (D:8)
  A wyvern skeleton (Crypt:2)
  4 howler monkeys
  3 crimson imps (Gauntlet)
  7 hounds
  A jelly (shapeshifter) (Vaults:5)
  15 orc priests
  A gnoll bouda (D:5)
  Ijyb (D:3)
  A basilisk skeleton (Crypt:2)
  7 iguanas
  18 orc wizards
  8 hell rats
  2 mummies (Crypt:1)
  4 gnolls
  A river rat (D:9)
  3 swamp drake zombies (Swamp:4)
  7 adders
  12 white imps (Lair:1)
  An ufetubus (D:7)
  A worm (D:4)
  6 dart slugs
  80 orcs
  8 endoplasms
  3 giant cockroaches
  12 goblins
  10 hobgoblins
  6 jackals (D:1)
  17 kobolds
  5 quokkas
  7 ball pythons
  3 bats
  2 frilled lizards (D:1)
  11 rats
  A fulminant prism (Lair:1)
2187 creatures vanquished.

Vanquished Creatures (collateral kills)
  A dread lich (Zot:5)
  A Killer Klown (Zot:5)
  2 golden dragons (Zot:5)
  An electric golem (Zot:5)
  2 tentacled monstrosities
  An Ice Fiend (Zot:5)
  A lich (Depths:2)
  3 Orb Guardians
  A walking earthen tome (Depths:2)
  A death cob (Zot:5)
  A tengu reaver (Vaults:5)
  The ghost of Wawnuurphamadgh the Earth Mage, an adept DrCj of Vehumet (Elf:1)
  A storm dragon (Zot:5)
  2 revenants (WizLab)
  2 deep elf sorcerers (Elf:3)
  3 frost giants
  2 vault wardens (Vaults:3)
  A spectral caustic shrike (WizLab)
  3 emperor scorpions (Spider:4)
  A balrug (Depths:1)
  A deep elf elementalist (Elf:3)
  A ghoul (Vaults:3)
  2 ironbound preservers
  2 ironbound thunderhulks (Vaults:1)
  3 very ugly things
  7 bunyips
  6 deep elf annihilators
  2 halazid warlocks (WizLab)
  2 entropy weavers
  A spectral titan (WizLab)
  2 dire elephants (Vaults:1)
  2 deep elf high priests (Elf:3)
  A quicksilver dragon zombie (WizLab)
  5 yaktaur captains
  7 vault guards
  An ice dragon (Depths:1)
  A hydra (Swamp:4)
  A great orb of eyes (Vaults:4)
  A radroach (Spider:2)
  An ironbound frostheart (Vaults:4)
  A deep troll shaman (Depths:3)
  5 dancing weapons
  A two-headed ogre (shapeshifter) (Depths:2)
  3 centaur warriors (Vaults:2)
  A satyr (shapeshifter) (Depths:2)
  2 deep troll earth magi (Depths:1)
  4 hell knights (Depths:1)
  9 deep elf knights
  An iron troll (Depths:3)
  5 skeletal warriors
  A sun moth (Spider:3)
  A pharaoh ant (Spider:4)
  2 steelbarb worms (Spider:4)
  A shadow wraith (WizLab)
  2 flayed ghosts (WizLab)
  10 deep trolls
  A bog body (Crypt:1)
  3 deep elf archers
  2 lindwurms (Vaults:1)
  A wizard (Vaults:4)
  5 phantasmal warriors
  A harpy (shapeshifter) (Vaults:1)
  8 ironbound convokers
  3 wolf spiders
  7 deep elf pyromancers
  2 necromancers
  7 deep elf zephyrmancers
  A glowing shapeshifter (Vaults:4)
  A dire elephant zombie (Crypt:1)
  2 moths of wrath
  4 ugly things
  An iron dragon skeleton (Crypt:1)
  3 vault sentinels
  2 smoke demons (Depths:1)
  A gargoyle (D:14)
  A cane toad (shapeshifter) (Elf:3)
  2 yaktaurs (Vaults:3)
  A demonic crawler (Spider:1)
  A freezing wraith (Crypt:2)
  A hydra zombie (Swamp:4)
  A spectral harpy (WizLab)
  3 hornets (Swamp:4)
  A slime creature (D:14)
  4 jumping spiders
  5 culicivoras
  A wraith (Crypt:2)
  2 spriggans (Swamp:4)
  A fire elemental (Elf:3)
  5 redbacks
  2 swamp worms (Swamp:4)
  A hell hound (Spider:1)
  A wolf (Elf:2)
  A phantom (Swamp:4)
  A lindwurm skeleton (Crypt:1)
  A spectral swamp drake (Swamp:4)
220 creatures vanquished.

Vanquished Creatures (others)
  24 eldritch tentacles
  A hydra (Swamp:3)
  An ogre mage (Vaults:4)
  A deep troll earth mage (Depths:4)
  2 deep elf knights
  A deep elf pyromancer (Elf:1)
  3 bloated husks
  A flying skull (WizLab)
  A water elemental (Elf:2)
  A swamp worm (Swamp:3)
  A demonic plant (Gauntlet)
  8 foxfires
  231 fulminant prisms
  31 fungi
  49 plants
356 creatures vanquished.

Grand Total: 2763 creatures vanquished

Notes
Turn   | Place    | Note
-------+----------+-------------------------------------------
     0 | D:1      | FexLirch the Djinni Conjurer began the quest for the Orb.
     0 | D:1      | FexLirch set off with the following spells memorised: Magic
                  | Dart, Searing Ray, Dazzling Flash, Fulminant Prism,
                  | Iskenderun's Mystic Blast.
     0 | D:1      | Reached XP level 1. HP: 15/15 MP: 0/0
   257 | D:1      | Reached XP level 2. HP: 19/21 MP: 0/0
   565 | D:1      | Reached XP level 3. HP: 17/25 MP: 0/0
   565 | D:1      | Learned a level 1 spell: Freeze
  1497 | D:2      | Reached XP level 4. HP: 26/31 MP: 0/0
  1780 | D:2      | Identified the +7 flail "Xasaram" {vamp, Will++ Int-3
                  | Dex+3}
  2286 | D:3      | Found Wenkigg's General Store.
  2294 | D:3      | Bought a scroll of teleportation for 39 gold pieces
  2388 | D:3      | Noticed Sigmund
  2398 | D:3      | Killed Sigmund
  2399 | D:3      | Reached skill level 5 in Spellcasting
  2399 | D:3      | Reached XP level 5. HP: 12/35 MP: 0/0
  2399 | D:3      | Learned a level 2 spell: Wereblood
  2399 | D:3      | Reached XP level 6. HP: 14/40 MP: 0/0
  2738 | D:3      | Found a faded altar of an unknown god.
  3105 | D:3      | Noticed Ijyb
  3111 | D:3      | Killed Ijyb
  3651 | D:3      | You are sucked into a shaft and drop 1 floor!
  3745 | D:4      | Found a staircase to the Ecumenical Temple.
  3756 | Temple   | Entered the Ecumenical Temple
  3865 | Temple   | Became a worshipper of Ashenzari the Shackled
  4012 | D:4      | HP: 2/40 [phantom (5)]
  4413 | D:4      | Noticed a wyvern
  4419 | D:4      | Reached XP level 7. HP: 37/45 MP: 0/0
  4419 | D:4      | Learned a level 3 spell: Lesser Beckoning
  4420 | D:4      | Killed a wyvern
  5144 | D:4      | Reached XP level 8. HP: 39/50 MP: 0/0
  5311 | D:4      | Found Noohucsyc's Antique Armour Emporium.
  5328 | D:4      | Bought a dyed leather armour for 155 gold pieces
  5421 | D:5      | Entered Level 5 of the Dungeon
  6828 | D:6      | Found Gauhastra's Armour Shop.
  6888 | D:6      | Reached XP level 9. HP: 34/55 MP: 0/0
  6888 | D:6      | Learned a level 4 spell: Leda's Liquefaction
  6918 | D:6      | Found Mameng's Assorted Antiques.
  7303 | D:6      | Found Zestreatt's Book Boutique.
  7382 | D:6      | Noticed Blork the orc
  7388 | D:6      | Killed Blork the orc
  7783 | D:6      | Found a shimmering altar of Xom.
  7792 | D:6      | Found an opulent altar of Gozag.
  7857 | D:7      | Noticed Joseph
  7885 | D:7      | Killed Joseph
  8124 | D:7      | Reached skill level 10 in Spellcasting
  8138 | D:7      | Noticed Maggie
  8143 | D:7      | Noticed Menkaure
  8523 | D:7      | Found a shadowy altar of Dithmenos.
  8595 | D:7      | Killed Maggie
  8596 | D:7      | Reached XP level 10. HP: 35/60 MP: 0/0
  8603 | D:7      | Killed Menkaure
  8854 | D:7      | Noticed a cyclops
  8870 | D:7      | Killed a cyclops
  8871 | D:7      | Reached skill level 1 in Fighting
  8871 | D:7      | Reached skill level 1 in Armour
  9154 | D:7      | Noticed a cyclops
  9171 | D:7      | Killed a cyclops
  9533 | D:8      | Found a flagged portal.
  9540 | Bailey   | Entered a bailey
  9623 | Bailey   | Noticed an orc warlord
  9795 | Bailey   | Found a runed translucent gate.
  9797 | Bailey   | Found a runed translucent gate.
  9799 | Bailey   | Found a runed translucent gate.
 10027 | Bailey   | Killed an orc warlord
 10060 | Bailey   | Reached skill level 5 in Fighting
 10060 | Bailey   | Reached skill level 5 in Armour
 10060 | Bailey   | Reached XP level 11. HP: 51/76 MP: 0/0
 10060 | Bailey   | Learned a level 5 spell: Metabolic Englaciation
 10273 | D:8      | Reached XP level 12. HP: 74/82 MP: 0/0
 10326 | D:8      | Noticed a two-headed ogre
 10343 | D:8      | Killed a two-headed ogre
 10584 | D:8      | Found a snail-covered altar of Cheibriados.
 10856 | D:6      | Bought a scarf of repulsion for 144 gold pieces
 11451 | D:9      | Noticed a two-headed ogre
 11477 | D:9      | Killed a two-headed ogre
 11812 | D:9      | Noticed a death yak
 11815 | D:9      | Noticed a death yak
 11822 | D:9      | Noticed a death yak
 11829 | D:9      | Killed a death yak
 11833 | D:9      | Killed a death yak
 12146 | D:9      | Killed a death yak
 12719 | D:9      | Found a staircase to the Orcish Mines.
 12806 | D:9      | Found a staircase to the Lair.
 13017 | D:9      | Found a glowing golden altar of the Shining One.
 13025 | D:9      | Found a burning altar of Makhleb.
 13025 | D:9      | Found an iron altar of Okawaru.
 13062 | D:10     | Entered Level 10 of the Dungeon
 13071 | D:10     | Reached * piety under Ashenzari
 13116 | D:10     | Noticed Amaemon
 13125 | D:10     | Killed Amaemon
 13501 | D:10     | Reached ** piety under Ashenzari
 13795 | D:11     | Noticed a two-headed ogre
 13805 | D:11     | Killed a two-headed ogre
 13806 | D:11     | Reached XP level 13. HP: 72/94 MP: 0/0
 13806 | D:11     | Learned a level 5 spell: Borgnjor's Vile Clutch
 14005 | D:11     | Found a portal to a secret trove of treasure.
 14407 | D:12     | Noticed a boulder beetle
 14420 | D:12     | Killed a boulder beetle
 14576 | D:12     | Noticed a boulder beetle
 14589 | D:12     | Killed a boulder beetle
 14746 | D:12     | Reached skill level 1 in Shields
 15392 | D:13     | Noticed Snorg
 15400 | D:13     | Killed Snorg
 15414 | D:13     | Noticed a centaur warrior
 15547 | D:13     | Noticed Lodul
 15554 | D:13     | Killed Lodul
 15582 | D:13     | Noticed a centaur warrior
 15594 | D:13     | Killed a centaur warrior
 15644 | D:13     | Killed a centaur warrior
 15667 | D:13     | Identified the +3 scale mail "Ablinep" {rElec rF- rN++}
 15739 | D:13     | Reached XP level 14. HP: 100/103 MP: 0/0
 15810 | D:13     | Reached skill level 1 in Maces & Flails
 15858 | D:13     | Found a gate to the Vaults.
 15961 | D:13     | Reached *** piety under Ashenzari
 15982 | D:13     | Noticed Sonja
 15984 | D:13     | Killed Sonja
 16021 | D:13     | Noticed Kirke
 16026 | D:13     | Killed Kirke
 16228 | Lair:1   | Entered Level 1 of the Lair of Beasts
 16228 | Lair:1   | Noticed Harold
 16232 | Lair:1   | Killed Harold
 16233 | Lair:1   | Reached skill level 10 in Dodging
 16283 | Lair:1   | Noticed Erica
 16287 | Lair:1   | Killed Erica
 16399 | Lair:1   | Found a frozen archway.
 16421 | IceCv    | Entered an ice cave
 16512 | IceCv    | Reached skill level 5 in Stealth
 16512 | IceCv    | Reached skill level 5 in Shields
 16512 | IceCv    | Reached XP level 15. HP: 113/113 MP: 0/0
 16512 | IceCv    | Learned a level 6 spell: Starburst
 16513 | IceCv    | Reached XP level 16. HP: 121/121 MP: 0/0
 16543 | IceCv    | Noticed a frost giant
 16561 | IceCv    | Killed a frost giant
 16584 | IceCv    | Reached skill level 10 in Fighting
 16693 | IceCv    | Reached skill level 15 in Spellcasting
 16914 | Lair:1   | Reached XP level 17. HP: 97/127 MP: 0/0
 16914 | Lair:1   | Learned a level 7 spell: Enfeeble
 17774 | Lair:2   | Found a hole to the Spider Nest.
 18078 | Lair:3   | Found a staircase to the Swamp.
 18951 | Lair:4   | Identified a scroll of acquirement
 18971 | Lair:4   | Acquired the +8 lance "Wyrmbane" {slay drac, rPois rF+ rC+
                  | AC+3}
 18971 | Lair:4   | Found the +8 lance "Wyrmbane" {slay drac, rPois rF+ rC+
                  | AC+3}
 19193 | Lair:4   | Identified the +2 helmet "Caedadgh" {rF+ Will- Regen+
                  | Int+10}
 19491 | Lair:5   | Entered Level 5 of the Lair of Beasts
 19526 | Lair:5   | Found a gate leading to a gauntlet.
 19563 | Gauntlet | Entered a Gauntlet
 19563 | Gauntlet | Found a transporter.
 19563 | Gauntlet | Found a transporter.
 19571 | Gauntlet | Found a transporter.
 19585 | Gauntlet | Found a transporter.
 19603 | Gauntlet | Found a transporter.
 19603 | Gauntlet | Found a transporter.
 19604 | Gauntlet | Found a transporter.
 19607 | Gauntlet | Found a transporter.
 19607 | Gauntlet | Found a transporter.
 19628 | Gauntlet | Noticed a sphinx
 19628 | Gauntlet | a stone giant changed into a sphinx
 19629 | Gauntlet | a sphinx changed into a fenstrider witch
 19630 | Gauntlet | Found a transporter.
 19630 | Gauntlet | Noticed a shadow dragon
 19630 | Gauntlet | a fenstrider witch changed into a shadow dragon
 19635 | Gauntlet | Identified the ring "Okkur" {Fly rElec rPois}
 19637 | Gauntlet | Found a transporter.
 19639 | Gauntlet | Noticed a quicksilver dragon
 19639 | Gauntlet | a shadow dragon changed into a quicksilver dragon
 19647 | Gauntlet | Found a transporter.
 19655 | Gauntlet | Found a transporter.
 19658 | Gauntlet | Identified the +2 pair of gloves of Buypyig {Fly rElec rC++
                  | Int-4}
 19697 | Gauntlet | Found a transporter.
 19819 | Gauntlet | Noticed a quicksilver dragon
 19819 | Gauntlet | an eleionoma changed into a quicksilver dragon
 19824 | Gauntlet | a quicksilver dragon changed into a dire elephant
 19886 | Gauntlet | Identified the Papyrus of the Grave and Feathers
 20316 | Lair:5   | Found a staircase to the Slime Pits.
 20700 | Lair:5   | Found a one-way gate to the infinite horrors of the Abyss.
 20700 | Lair:5   | Found a corrupted altar of Lugonu.
 20704 | Lair:5   | Reached XP level 18. HP: 95/132 MP: 0/0
 21100 | Orc:1    | Entered Level 1 of the Orcish Mines
 21109 | Orc:1    | Noticed Maurice
 21119 | Orc:1    | Killed Maurice
 21166 | Orc:1    | Noticed Josephine
 21176 | Orc:1    | Killed Josephine
 21469 | Orc:2    | Entered Level 2 of the Orcish Mines
 21500 | Orc:2    | Found Galuol's General Store.
 21565 | Orc:2    | Found a staircase to the Elven Halls.
 21595 | Orc:2    | Found Kugatem's Book Boutique.
 21620 | Orc:2    | Bought a manual of Spellcasting for 1200 gold pieces
 21623 | Orc:2    | Found Soyhug's Antique Armour Shop.
 21650 | Orc:2    | Found Fiapakyc's General Store.
 21739 | Orc:2    | Found Risoush's Antique Weapon Emporium.
 22118 | Orc:2    | Bought a thick robe for 199 gold pieces
 22118 | Orc:2    | Identified the +0 robe "Culuotaf" {Int+4} (You bought it in
                  | a shop on level 2 of the Orcish Mines)
 22118 | Orc:2    | Bought a glimmering scale mail for 315 gold pieces
 22118 | Orc:2    | Identified the +2 scale mail of Lifelessness {rF- Will++
                  | Regen+} (You bought it in a shop on level 2 of the Orcish
                  | Mines)
 22292 | Swamp:1  | Entered Level 1 of the Swamp
 22293 | Swamp:1  | Noticed Jorgrun
 22296 | Swamp:1  | Killed Jorgrun
 22436 | Swamp:1  | Reached skill level 1 in Polearms
 22503 | Swamp:1  | Identified the +10 falchion "Torovaot" {freeze, rPois rC++
                  | rN+++ Int-3}
 23204 | Swamp:4  | Entered Level 4 of the Swamp
 23301 | Swamp:3  | Acquired a manual of Spellcasting
 23319 | Swamp:3  | Reached XP level 19. HP: 144/145 MP: 0/0
 23319 | Swamp:3  | Learned a level 7 spell: Monstrous Menagerie
 24117 | Swamp:4  | Noticed a bone dragon
 24196 | Swamp:4  | Killed a bone dragon
 24219 | Swamp:4  | Got a decaying rune of Zot
 24448 | Spider:1 | Entered Level 1 of the Spider Nest
 24523 | Spider:1 | Noticed Nikola
 24544 | Spider:1 | Killed Nikola
 24545 | Spider:1 | Reached skill level 10 in Shields
 24579 | Spider:1 | Noticed Azrael
 24585 | Spider:1 | Killed Azrael
 24593 | Spider:1 | Noticed Agnes
 24599 | Spider:1 | Killed Agnes
 24775 | Spider:3 | Reached **** piety under Ashenzari
 25049 | Spider:2 | Acquired 891 gold pieces
 25728 | Spider:3 | Reached XP level 20. HP: 151/155 MP: 0/0
 26252 | Spider:4 | Entered Level 4 of the Spider Nest
 26928 | Spider:4 | Reached skill level 10 in Armour
 27096 | Spider:4 | Reached skill level 5 in Polearms
 27147 | Spider:4 | Got a gossamer rune of Zot
 27743 | Elf:1    | Entered Level 1 of the Elven Halls
 27746 | Elf:1    | Paralysed by an air elemental for 1 turns
 27772 | Elf:1    | Reached skill level 10 in Stealth
 27870 | Elf:1    | Reached XP level 21. HP: 142/163 MP: 0/0
 27870 | Elf:1    | Learned a level 7 spell: Malign Gateway
 27878 | Elf:1    | Noticed Wawnuurphamadgh's ghost (adept DrCj)
 27879 | Elf:1    | Found a runed translucent door.
 27879 | Elf:1    | Identified the +2 dagger "Jellybane" {venom, rCorr Str+3
                  | Int+3}
 27923 | Elf:1    | Killed Wawnuurphamadgh's ghost
 28029 | Elf:1    | Found Yblic's Antique Weapon Boutique.
 28090 | Elf:1    | Identified Paptenye's Catalogue of the Barrage
 28255 | Elf:1    | Identified the Anthology of the Combative Nimbus
 28543 | Elf:2    | Identified the +1 leather armour "Bumm" {rElec Will+
                  | Regen+}
 28562 | Elf:2    | Reached skill level 15 in Dodging
 28858 | Elf:2    | Found a runed translucent gate.
 28858 | Elf:2    | Found a runed translucent gate.
 28858 | Elf:2    | Found a runed translucent gate.
 28991 | Elf:3    | Entered Level 3 of the Elven Halls
 29108 | Elf:3    | Reached ***** piety under Ashenzari
 29192 | Elf:3    | Noticed a Tzitzimitl
 29254 | Elf:3    | Reached XP level 22. HP: 121/175 MP: 0/0
 29269 | Elf:3    | Identified the ring of the Shrike {+Blink rCorr AC+4 Dex-3
                  | Slay+6}
 29296 | Elf:3    | Identified the +8 rapier "Wete" {vorpal, +Blink Int-2
                  | Dex+5}
 29391 | Elf:3    | Identified the ring of Disaster {rF+ rC+ rN+ Str-3 Stlth+}
 29443 | Elf:3    | Identified the +11 lajatang of the Scorned {vorpal, Contam
                  | rElec rPois rN++}
 29492 | Elf:3    | Identified the +0 plate armour of Lifud {rF++ Regen+}
 29500 | Elf:3    | Identified the +7 war axe "Guraog" {vorpal, *Corrode rPois
                  | rC+ Str+2}
 29530 | Elf:3    | Identified the Folio of Charms
 29686 | Elf:3    | Reached skill level 1 in Evocations
 29768 | Elf:3    | Identified the Parchment of Sweltering Combat Magic
 29768 | Elf:3    | Identified the +6 shortbow "Naof" {speed, Fly rN+ Int+4}
 30842 | D:14     | Acquired the amulet of Mets {Reflect rPois Will+ SH+5}
 31069 | D:15     | Entered Level 15 of the Dungeon
 31091 | D:15     | Found a staircase to the Depths.
 31351 | D:15     | Identified the +1 leather armour of Eternal Vigilance {Harm
                  | rElec rPois Str-5}
 31871 | Depths:1 | Entered Level 1 of the Depths
 31932 | Depths:1 | Reached skill level 5 in Evocations
 31985 | Depths:1 | Found a gateway to Hell.
 31997 | Depths:1 | Reached XP level 23. HP: 132/183 MP: 0/0
 31997 | Depths:1 | Learned a level 7 spell: Haunt
 32415 | Vaults:1 | Entered Level 1 of the Vaults
 33005 | D:11     | You paid a toll of a +7 demon trident to enter a treasure
                  | trove
 33006 | Trove    | Entered a treasure trove
 33018 | Trove    | Found the macabre finger necklace {rN+}
 33018 | Trove    | Identified the ring of Ocruegul {Contam rC+ rCorr SInv}
 33020 | Trove    | Identified the amulet "Ogrouh" {Spirit Harm rF+}
 33027 | Trove    | Found the brooch of Shielding {Spirit SH+8}
 33032 | Trove    | Identified the Atlas of Poison
 33052 | Trove    | Identified the ring "Rinkiuj" {Str+4 Dex+6}
 33052 | Trove    | Identified the +1 ring mail "Ystam" {rPois rC+ Str+4 Dex-3}
 33054 | Trove    | Identified the ring of Xaatipoy {rC+ rN++ Str+3 Dex+6}
 33054 | Trove    | Found the +8 demon trident "Rift" {distort, reach+}
 33071 | Trove    | Identified the +8 sling of Theory {freeze, Drain rF+++
                  | Dex+4}
 33536 | Vaults:2 | Reached skill level 15 in Fighting
 33560 | Vaults:2 | Found a magical portal.
 33575 | WizLab   | Entered Borgnjor's Mausoleum
 33771 | WizLab   | Identified Gyrr's Codex of the Grave
 34065 | Vaults:2 | Reached XP level 24. HP: 170/191 MP: 0/0
 34337 | Vaults:2 | Identified the Vellum of the Lost Queens
 34345 | Vaults:2 | Identified Vihufy's Quarto of Accomplices and Shapeshifting
 35104 | Vaults:1 | Reached skill level 10 in Evocations
 35405 | Vaults:1 | Reached skill level 15 in Shields
 35642 | Vaults:3 | Reached XP level 25. HP: 188/199 MP: 0/0
 35642 | Vaults:3 | Learned a level 8 spell: Lehudib's Crystal Spear
 35755 | Vaults:3 | Found Wuem's Jewellery Boutique.
 36367 | Vaults:3 | Found the +8 Wrath of Trog {antimagic, *Rage Rampage}
 36657 | Vaults:3 | Found a staircase to the Crypt.
 37011 | Vaults:4 | Reached skill level 10 in Polearms
 37880 | Crypt:1  | Entered Level 1 of the Crypt
 38027 | Crypt:1  | Noticed a royal mummy
 38032 | Crypt:1  | Noticed a royal mummy
 38068 | Crypt:1  | Reached XP level 26. HP: 207/207 MP: 0/0
 38120 | Crypt:1  | Identified the +2 cloak "Vaimun" {rElec rPois rC+}
 38143 | Crypt:1  | Identified the +12 sling of the Indestructible God {venom,
                  | SInv}
 38654 | Crypt:2  | Identified the Anthology of Freezing Gusts
 38663 | Crypt:2  | Noticed a royal mummy
 38666 | Crypt:2  | Noticed a royal mummy
 38666 | Crypt:2  | Noticed Khufu
 38668 | Crypt:2  | Noticed a royal mummy
 39280 | Depths:1 | Identified the +1 hat of the Untouchables {rC+ Will+}
 39281 | Depths:1 | Identified the +0 robe "Zudekeol" {rF+ Str+2}
 39338 | Depths:1 | Identified the +1 hat of Ameul {Contam Regen+ rCorr MP+9}
 39341 | Depths:1 | Identified the +1 robe of the Game of Life {rPois Slay+2}
 40275 | Depths:2 | Found a one-way gate leading to the halls of Pandemonium.
 40400 | Depths:2 | Identified the ring of Benevolence {rElec rPois Int+6
                  | Slay-2}
 40488 | Depths:2 | Found a blossoming altar of Fedhas.
 41005 | Depths:3 | Reached XP level 27. HP: 179/215 MP: 0/0
 41005 | Depths:3 | Learned a level 9 spell: Chain Lightning
 41205 | Depths:3 | Found a one-way gateway to a ziggurat.
 41421 | Depths:4 | Entered Level 4 of the Depths
 41476 | Depths:4 | Reached skill level 15 in Armour
 41638 | Depths:4 | Found a gate to the Realm of Zot.
 41927 | Depths:4 | Identified the +1 tower shield "Ynuev" {rF+}
 41927 | Depths:4 | Noticed Mennas
 42100 | Depths:4 | Killed Mennas
 42217 | Depths:4 | Found a shadowy altar of Dithmenos.
 42589 | Vaults:5 | Entered Level 5 of the Vaults
 42832 | Vaults:5 | Identified the +10 great sword "Inkublu" {speed, Will++}
 42975 | Vaults:5 | Identified the +6 glaive of Doubt {holy, rF+ Int-5 SInv}
 43051 | Vaults:5 | Identified the +10 spear "Nuyphig" {drain, Str+2}
 43107 | Vaults:5 | Reached skill level 15 in Stealth
 43167 | Vaults:5 | Identified the +2 great sword of Dried Tears {chaos, MP-9
                  | Dex+4 SInv}
 43305 | Vaults:5 | Noticed a dread lich
 43314 | Vaults:5 | Killed a dread lich
 43551 | Vaults:5 | Got a silver rune of Zot
 43950 | Zot:1    | Entered Level 1 of the Realm of Zot
 44339 | Zot:1    | Noticed an orb of fire
 44348 | Zot:1    | Killed an orb of fire
 46901 | Zot:5    | Entered Level 5 of the Realm of Zot
 46919 | Zot:5    | Reached skill level 1 in Long Blades
 47448 | Zot:5    | Noticed an orb of fire
 47456 | Zot:5    | Noticed an orb of fire
 47457 | Zot:5    | Gained mutation: You occasionally lose the ability to drink
                  | potions when taking damage. [an orb of fire]
 47460 | Zot:5    | Gained mutation: You are frail. (-10% HP) [an orb of fire]
 47462 | Zot:5    | Killed an orb of fire
 47462 | Zot:5    | Noticed an orb of fire
 47465 | Zot:5    | Gained mutation: You are occasionally teleported next to
                  | monsters. [an orb of fire]
 47465 | Zot:5    | Noticed a Killer Klown
 47466 | Zot:5    | Killed an orb of fire
 47468 | Zot:5    | Killed an orb of fire
 47470 | Zot:5    | Killed a Killer Klown
 47473 | Zot:5    | Noticed a Killer Klown
 47515 | Zot:5    | Noticed a Killer Klown
 47515 | Zot:5    | Noticed an orb of fire
 47518 | Zot:5    | Killed a Killer Klown
 47518 | Zot:5    | Gained mutation: You are dopey. (Int -2) [an orb of fire]
 47520 | Zot:5    | Killed an orb of fire
 47528 | Zot:5    | Lost mutation: You are dopey. (Int -2) [potion of mutation]
 47528 | Zot:5    | Lost mutation: You are occasionally teleported next to
                  | monsters. [potion of mutation]
 47528 | Zot:5    | Lost mutation: You occasionally lose the ability to drink
                  | potions when taking damage. [potion of mutation]
 47528 | Zot:5    | Gained mutation: You are agile. (Dex +4, Str/Int -1)
                  | [potion of mutation]
 47528 | Zot:5    | Gained mutation: Your muscles are strong. (Str +4, Int/Dex
                  | -1) [potion of mutation]
 47528 | Zot:5    | Gained mutation: You passively dampen the noise of your
                  | surroundings. [potion of mutation]
 47528 | Zot:5    | Gained mutation: You passively map a small area around you.
                  | [potion of mutation]
 47590 | Zot:5    | Killed a Killer Klown
 47675 | Zot:5    | Noticed an orb of fire
 47677 | Zot:5    | Noticed an orb of fire
 47683 | Zot:5    | Noticed a Killer Klown
 47687 | Zot:5    | Gained mutation: Potions are less effective at restoring
                  | your health. [an orb of fire]
 47689 | Zot:5    | Killed an orb of fire
 47698 | Zot:5    | Lost mutation: Your muscles are strong. (Str +4, Int/Dex
                  | -1) [an orb of fire]
 47698 | Zot:5    | Noticed an ancient lich
 47699 | Zot:5    | Killed an orb of fire
 47759 | Zot:5    | Noticed a dread lich
 47764 | Zot:5    | Killed a dread lich
 47830 | Zot:5    | Noticed a Killer Klown
 47831 | Zot:5    | Killed a Killer Klown
 47832 | Zot:5    | Reached skill level 5 in Long Blades
 47835 | Zot:5    | Killed a Killer Klown
 47836 | Zot:5    | Killed an ancient lich
 47911 | Zot:5    | Got the Orb of Zot
 48102 | Depths:3 | Identified the +3 great sword "Lehuoth" {vorpal, rElec
                  | Str+3}
 48504 | D:$      | Escaped with the Orb!

Illustrated notes

Levels and vault maps discovered:
D:1:      nicolae_arrival_washed_ashore, layout_rooms, palyth_stone_intersect,
          minmay_pentomino_q2
D:2:      layout_loops_ring, minmay_distorted
D:3:      layout_basic, shapermc_ecumenical_altar_ellora, serial_shops, shop,
          uniq_ijyb, uniq_sigmund
D:4:      layout_layer_cave, minmay_temple_entry_large_hall,
          hangedman_decor_riveting, kennysheep_decorative_pillar, st_stairs_9,
          reono_crystal_passage, kennysheep_windowed_goal
D:5:      layout_loops_ring
D:6:      layout_loops_ring, mainiacjoe_overflow_swirl, serial_shops,
          nicolae_shop_advertising_works [nicolae_subvault_shop_adworks],
          nicolae_shop_waterfront, shop, uniq_blork_the_orc
D:7:      minmay_cornered_nines, layout_rooms, lemuel_coloured_pillars_altar,
          st_stairs_6, uniq_maggie, uniq_joseph, uniq_menkaure
D:8:      layout_loops_ring, kennysheep_slug_shrine, enter_bailey_4,
          grunt_ministairs_9
D:9:      layout_basic, minitemple, dpeg_lair_monsters, erik_orc_4
D:10:     layout_roguey, minmay_strange_pillars, uniq_amaemon
D:11:     layout_rooms, enter_trove_2
D:12:     layout_gridville, serial_rivers, chequers_serial_rivers_room_a,
          chequers_serial_rivers_small_b, chequers_serial_rivers_room_b,
          chequers_serial_rivers_marsh, chequers_serial_rivers_small_b,
          chequers_serial_rivers_small_a
D:13:     layout_irregular_city, grunt_vaults_entry_tiered, uniq_lodul,
          uniq_snorg, uniq_kirke, uniq_sonja
D:14:     layout_roguey [special_room_mythical_zoo], kennysheep_pointless_box,
          special_room [special_room_orc], minmay_misc_feat_secret_circle,
          fungi_pond_lemuel
D:15:     grunt_enter_depths_hoard, layout_grid_maze
Temple:   regret_index_temple_waves
Lair:1:   layout_gridlike, portal_ice_cave_entry_imps, uniq_harold, uniq_erica
Lair:2:   layout_hall_layers, spider_nest_entry_funnel_web
Lair:3:   layout_roguey, palyth_hydra_swamp_entry, grunt_megastairs_4
Lair:4:   layout_loops_ring, infiniplex_staircase_pool_2
Lair:5:   hellmonk_lair_end_abyssal_woods, layout_cave_pods, slime_entry_1,
          gauntlet_entry_generic, serial_bayou_lake_a, serial_bayou_shore_b
Swamp:1:  layout_basic_swamp, evilmike_swamp_ruin_house_4, uniq_jorgrun
Swamp:2:  layout_falls_marsh, evilmike_swamp_ruin_rubble_1
Swamp:3:  layout_basic_swamp, serial_swamp_ruin, evilmike_swamp_ruin_house_1,
          evilmike_swamp_ruin_house_2, swamp_pool1,
          nicolae_swamp_frolicking_bunyips
Swamp:4:  swamp_pestilence, layout_basic_swamp
Spider:1: layout_spider_delve, uniq_azrael, uniq_nikola, uniq_agnes
Spider:2: layout_cave_pods
Spider:3: layout_spider_delve
Spider:4: grunt_spider_rune_circles
Orc:1:    layout_caves, basic_altar, uniq_maurice, uniq_josephine
Orc:2:    grunt_orc_gardens, layout_diamond_mine, grunt_orc_garden,
          grunt_orc_garden, grunt_orc_garden, grunt_orc_garden, serial_shops,
          nicolae_shop_stone, nicolae_orc_bridge_out
Elf:1:    layout_geoelf_grid, serial_shops, nicolae_shop_crystal,
          gammafunk_ghost_grave, serial_glass, glass_columns_b, glass_columns_a,
          due_unseen_surprise, feat_on_display, feat_on_display,
          minmay_strange_pillars, minmay_elf_annihilation,
          dreamdust_wishing_well
Elf:2:    elven_hall_of_blades_hangedman_original
          [nicolae_blade_entry_hurt_lockers], layout_loops_cross,
          kilobyte_rumbling_trees
Elf:3:    grunt_elf_hall_branching, layout_geoelf_grid
Vaults:1: vaults_dpeg_ring, hangedman_vaults_pinch, v_misc_13,
          nicolae_vaults_mini_display_case, vaults_room_door_ring, v_rooms_2,
          v_misc_2, nicolae_vaults_circle_grid_b, vaults_room_semicircle,
          hangedman_vaults_cutoff, vaults_room_grunt_arrival_ludios,
          nicolae_vaults_asterisk, layout_vaults_big_room
Vaults:2: infiniplex_enter_wizlab_glasses, nicolae_vaults_network_quinsquares
          [nicolae_vaults_network_quincunx_subvault,
          nicolae_vaults_network_quincunx_subvault,
          nicolae_vaults_network_quincunx_subvault,
          nicolae_vaults_network_quincunx_subvault], grunt_vaults_trifunnel,
          st_greater_box_3, ontoclasm_vaults_chip, hangedman_vaults_stitches,
          vaults_dpeg_encased_lava, v_alt_pattern_6,
          ontoclasm_vaults_loading_screen, vaults_room_pool,
          dpeg_vaults_monster_box, layout_vaults_maze_snakey
Vaults:3: nicolae_vaults_c_with_doors, grunt_vaults_swirl,
          minmay_crypt_entry_simple_corners, grunt_vaults_hallway_short,
          hangedman_vaults_capsules, layout_vaults_omnigrid, serial_shops,
          shop_statue
Vaults:4: v_rooms_3, nicolae_vaults_network_star, ontoclasm_vaults_ring_square,
          v_pattern_3, hangedman_vaults_nails, hangedman_vaults_nails, v_misc_1,
          nicolae_vaults_rhombus_7, vaults_dpeg_doors, vaults_room_door_ring,
          layout_vaults_big_cross
Vaults:5: serial_shops
Crypt:1:  layout_misc_corridors, st_burial_chamber, grunt_crypt_arrival_split
Crypt:2:  layout_rooms, uniq_khufu
Depths:1: layout_gridlike, hellmouth_3, minmay_tree_intersection,
          dk_noncrumbling_4, minivault_16, dk_noncrumbling_3,
          grunt_tower_of_power
Depths:2: kennysheep_bubble_arena, layout_cross, minmay_fountain_box,
          rand_demon_pan_entry_7, grunt_hell_entry_dis_old, fedhas_altar_4
Depths:3: minmay_the_grid_triangle_9x9_recursive_3
          [minmay_the_grid_triangle_9x9_skeleton,
          minmay_the_grid_triangle_9x9_windchime,
          minmay_the_grid_triangle_9x9_shrine,
          minmay_the_grid_triangle_9x9_prize_center,
          minmay_the_grid_triangle_9x9_corruption,
          minmay_the_grid_triangle_9x9_steps,
          minmay_the_grid_triangle_9x9_sparse_checkered,
          minmay_the_grid_triangle_9x9_negative_grid,
          minmay_the_grid_triangle_9x9_stretched_checkered], layout_cave_shapes,
          enter_ziggurat_a, abyss_entry, hell_entry, dreamdust_looks_like_rain
Depths:4: evilmike_zot_entry_basic, layout_cave_shapes, hell_entry,
          grunt_dithmenos_smoke, serial_bayou_shore_a, nicolae_triple_integral,
          infiniplex_staircase_pool_lava, uniq_mennas, uniq_josephina
Zot:1:    layout_basic
Zot:2:    layout_cellular_growth
Zot:3:    layout_cathedral_of_symmetry
Zot:4:    layout_concentric_octagons, grunt_megastairs_5
Zot:5:    layout_basic

Skill      XL: |  1  2  3  4  5  6  7  8  9 10 11 12 13 14 15 16 17 18 19 20 21 22 23 24 25 26 27 |
---------------+----------------------------------------------------------------------------------+-----
Stealth        | 2 3 5 7 8 9 10 11 12 13 14 16 | 16.0
Spellcasting   | 4 5 6 7 8 10 12 13 14 15 17 18 19 20 21 | 21.1
Fighting       | 5 7 8 9 10 11 12 13 14 15 16 19 | 19.5
Armour         | 5 7 8 9 10 11 12 13 14 17 | 17.7
Dodging        | 6 8 9 10 11 12 13 14 15 16 17 18 21 | 21.1
Shields        | 2 5 6 8 9 10 11 12 13 15 16 17 20 | 20.0
Maces & Flails | 3 |  3.7
Polearms       | 2 4 5 6 7 8 9 10 13 | 13.8
Evocations     | 5 8 10 12 13 | 13.6
Long Blades    | 5 |  5.4

Action                   |  1- 3 |  4- 6 |  7- 9 | 10-12 | 13-15 | 16-18 | 19-21 | 22-24 | 25-27 || total
-------------------------+-------+-------+-------+-------+-------+-------+-------+-------+-------++-------
Melee: Flail             |       |       |       |     5 |    12 |    54 |    69 |       |       ||   140
       Lance             |       |       |       |       |       |     2 |    18 |   174 |   252 ||   446
       Falchion          |       |       |       |       |       |       |     4 |    24 |    35 ||    63
       Staff             |       |       |       |       |       |       |       |     6 |       ||     6
 Cast: Magic Dart        |    61 |    48 |   113 |    80 |     1 |       |       |       |       ||   303
       Searing Ray       |     1 |     9 |    28 |    28 |     7 |     2 |     3 |     2 |     1 ||    81
       Freeze            |       |     5 |     4 |     8 |     2 |     2 |     3 |       |       ||    24
       Fulminant Prism   |       |     2 |    14 |    71 |    53 |    32 |    35 |    16 |     9 ||   232
       Iskenderun's Myst |       |     1 |     5 |    37 |    34 |   106 |    96 |    31 |    29 ||   339
       Wereblood         |       |     1 |       |     4 |     2 |     1 |       |     2 |     5 ||    15
       Leda's Liquefacti |       |       |     2 |     4 |     5 |     8 |     4 |     3 |     2 ||    28
       Metabolic Englaci |       |       |       |    11 |    11 |     7 |     1 |     1 |     2 ||    33
       Lesser Beckoning  |       |       |       |     4 |     4 |     1 |       |     1 |    10 ||    20
       Borgnjor's Vile C |       |       |       |       |    74 |   182 |   249 |   209 |   309 ||  1023
       Dazzling Flash    |       |       |       |       |     1 |       |       |       |       ||     1
       Starburst         |       |       |       |       |       |    66 |    60 |   127 |   129 ||   382
       Enfeeble          |       |       |       |       |       |     4 |     7 |     7 |    29 ||    47
       Monstrous Menager |       |       |       |       |       |       |    65 |    44 |    25 ||   134
       Malign Gateway    |       |       |       |       |       |       |     3 |    13 |    10 ||    26
       Haunt             |       |       |       |       |       |       |       |    11 |    18 ||    29
       Lehudib's Crystal |       |       |       |       |       |       |       |       |   330 ||   330
       Chain Lightning   |       |       |       |       |       |       |       |       |    47 ||    47
Invok: Curse Item        |       |       |     1 |     2 |     1 |     3 |     2 |       |       ||     9
       Shatter the Chain |       |       |       |       |       |     2 |       |       |       ||     2
Evoke: Wand              |       |       |       |       |       |       |       |       |     4 ||     4
  Use: Scroll            |       |     7 |     4 |     2 |     1 |     5 |     2 |     8 |     7 ||    36
       Potion            |       |       |       |     1 |     2 |       |       |       |     5 ||     8
 Stab: Distracted        |       |       |       |       |       |       |     3 |     3 |       ||     6
       Paralysed         |       |       |       |       |       |       |     2 |       |       ||     2
       Invisible         |       |       |       |       |       |       |     1 |     3 |    25 ||    29
       Confused          |       |       |       |       |       |       |     1 |       |       ||     1
       Sleeping          |       |       |       |       |       |       |     1 |       |     5 ||     6
Armor: Leather armour    |     3 |     4 |    11 |       |       |       |       |       |       ||    18
       Steam dragon scal |       |       |     1 |       |       |       |       |       |       ||     1
       Acid dragon scale |       |       |       |     4 |       |       |       |       |       ||     4
       Troll leather arm |       |       |       |       |    15 |    29 |    48 |       |       ||    92
       Scale mail        |       |       |       |       |       |       |    18 |    80 |   109 ||   207
Dodge: Dodged            |     6 |     8 |    27 |    28 |    44 |    80 |   125 |    81 |   208 ||   607
Block: Buckler           |       |       |       |       |    13 |    13 |       |       |       ||    26
       Tower shield      |       |       |       |       |       |   164 |   364 |   386 |   598 ||  1512
